Unix NetHack Version 3.7.0-88 Work-in-progress - last build Aug 6 2023 13:40:22 (5c9c4c7fffe0d5f0a8b1342c2a36a56ed743986a,branch:master). Game began 2023-08-19 06:51:40, ended 2023-08-19 07:03:10. puncake, chaotic male orcish Rogue ------------ ---- |..........| -... #..(........| |... #|..........| --------- .... #|...........####........| ... #------------## |......<| .. ###########0 ........| ) # # |.......| #d@#f## ## |.......| #a ## |.......| # --------- # -----# |...|# . |...|# |...|# ....|# |....# ----- Puncake the Cutpurse St:17 Dx:18 Co:13 In:9 Wi:10 Ch:10 Chaotic S:1378 Dlvl:7 $:208 HP:0(30) Pw:10(10) AC:7 Xp:5/215 T:2824 Latest messages: You hear some noises. The killer bee turns to flee. You hear some noises. You hear some noises. You hear some noises. You hear some noises. You hear some noises. The killer bee turns to flee. The killer bee turns to flee. The killer bee turns to flee. You are beginning to feel hungry. You stop searching. What do you want to eat? This food really hits the spot! You finish eating the food ration. The killer bee stings! You hear a sceptre pounded in judgment. You kill the killer bee! v - a poisoned dart (at the ready) (11 in total). b - 2 uncursed +0 orcish daggers (3 in total). You attack thin air. b - 7 uncursed +0 orcish daggers (10 in total). You see here a blindfold. b - an uncursed +0 orcish dagger (11 in total). You swap places with Bingus. You see here a blindfold. What do you want to ready? You are wielding 11 orcish daggers. Ready 10 of them? y J - 10 uncursed +0 orcish daggers (at the ready). You see here a blindfold. The little dog bites! You hit the little dog. The little dog bites! In what direction? The orcish dagger hits the little dog. The little dog bites! The little dog bites! In what direction? You throw 2 orcish daggers. The 1st orcish dagger hits the little dog. The 2nd orcish dagger hits the little dog. The little dog bites! The little dog bites! In what direction? The orcish dagger misses the little dog. The little dog bites! The little dog bites! The killer bee stings! You die... Do you want to see the dungeon overview? q Inventory: Coins $ - 208 gold pieces Amulets D - an uncursed amulet of magical breathing (being worn) Weapons v - 11 uncursed poisoned +0 darts b - an uncursed +0 orcish dagger (weapon in hand) x - an uncursed +0 orcish dagger J - 6 uncursed +0 orcish daggers (at the ready) a - an uncursed +0 orcish short sword (alternate weapon; not wielded) Armor c - an uncursed +1 leather armor (being worn) Comestibles h - an uncursed food ration u - an uncursed food ration Scrolls l - an uncursed scroll of blank paper o - an uncursed scroll of confuse monster H - an uncursed scroll of destroy armor q - an uncursed scroll of enchant weapon p - an uncursed scroll of food detection w - an uncursed scroll of identify B - an uncursed scroll of light Potions r - an uncursed potion of booze m - an uncursed potion of gain level z - an uncursed potion of invisibility s - an uncursed potion of monster detection Wands E - an uncursed wand of fire (0:4) y - an uncursed wand of striking (0:5) Tools f - an empty uncursed sack t - an uncursed bell g - an uncursed blindfold e - an uncursed lock pick Gems/Stones A - an uncursed worthless piece of blue glass C - an uncursed worthless piece of green glass Puncake the Rogue's attributes: Background: You were a Cutpurse, a level 5 male orcish Rogue. You were chaotic, nominally on a mission for Kos who was opposed by Issek (lawful) and Mog (neutral). You were in the Dungeons of Doom, on level 7. You entered the dungeon 2824 turns ago. You had 215 experience points, 105 more were needed to attain level 6. Your score was 1378 before end-of-game adjustments. Basics: You had 0 out of 30 hit points. You had all 10 energy points (spell power). Your armor class was 7. Your wallet contained 208 zorkmids. Autopickup was on for '%$?!/="+' plus thrown, with exceptions. Final Characteristics: Your strength was 17 (limit:18/50). Your dexterity was 18 (limit:18). Your constitution was 13 (limit:18). Your intelligence was 9 (limit:16). Your wisdom was 10 (limit:16). Your charisma was 10 (limit:16). Final Status: You were not hungry. You were unencumbered. You were wielding a dagger. You had basic skill with dagger. Final Attributes: You were piously aligned. You were poison resistant. You had infravision. You were stealthy. You could survive without air. You were warded. You are dead. Miscellaneous: You never encountered a bones level. Total elapsed playing time was 11 minutes and 29 seconds. Major events: Turn 1: puncake the chaotic male orcish Rogue entered the dungeon 649: entered the Gnomish Mines 1215: attained the rank of Cutpurse (level 3) 2824: killed by a killer bee Vanquished creatures: a fog cloud a dwarf a giant bat an iguana 4 killer bees an acid blob a hobbit a large kobold a hobgoblin a cave spider a garter snake 2 geckos 7 jackals a fox 2 goblins 3 grid bugs 5 lichens 2 kobold zombies 5 newts 41 creatures vanquished. No species were genocided or became extinct. Voluntary challenges: You were an atheist. You read items or engraved 3 times. You engraved Elbereth 3 times. You never genocided any monsters. You never polymorphed an object. You never changed form. You used no wishes. Achievements: You entered a shop. You entered the Gnomish Mines. You attained the rank of Cutpurse. The Dungeons of Doom: levels 1 to 7 Level 1: A fountain. Level 2: A weapon shop, some fountains. Stairs down to The Gnomish Mines. Level 3: A grave. Level 4: A fountain, a grave. Level 5: Level 6: A fountain. Level 7: <- You were here. Final resting place for you, killed by a killer bee. The Gnomish Mines: Level 3: Game over: ---------- / \ / REST \ / IN \ / PEACE \ / \ | puncake | | 208 Au | | killed by a | | killer bee | | | | | | 2023 | *| * * * | * _________)/\\_//(\/(/\)/\//\/|_)_______ Goodbye puncake the Rogue... You died in The Dungeons of Doom on dungeon level 7 with 1358 points, and 208 pieces of gold, after 2824 moves. You were level 5 with a maximum of 30 hit points when you died.